 Dungeon Crawl Stone Soup version 0.27.1 (webtiles) character file.

Game seed: 4079467249630862671

27 ZARRMARR the Ruffian (level 3, -1/33 HPs)
             Began as a Ghoul Monk on Aug 25, 2021.
             Slain by a jackal (3 damage)
             ... on level 1 of the Dungeon.
             The game lasted 00:03:03 (543 turns).

ZARRMARR the Ruffian (Ghoul Monk)                    Turns: 543, Time: 00:03:04

Health: -1/33      AC:  2    Str: 21    XL:     3   Next: 10%
Magic:  2/2        EV: 12    Int:  5    God:
Gold:   10         SH:  0    Dex: 11    Spells: 2/2 levels left

rFire    . . .     SeeInvis .     - Unarmed
rCold    + . .     Faith    .   (no shield)
rNeg     + + +     Spirit   .   a - +0 robe
rPois    ∞         Reflect  .   (no helmet)
rElec    .         Harm     .   (no cloak)
rCorr    .         Rampage  .   (no gloves)
Will     .....                  (no boots)
Stlth    ++........             (no amulet)
HPRegen  0.00/turn              b - +6 ring of strength
MPRegen  0.08/turn              (no ring)

@: inhibited regen
A: claws 1, cold resistance 1, negative energy resistance 3, inhibited
regeneration, torment resistance 2
a: no special abilities


You were on level 1 of the Dungeon.
You visited 1 branch of the dungeon, and saw 1 of its levels.

You collected 10 gold pieces.

Inventory:

Armour
 a - a +0 robe (worn)
Jewellery
 b - a +6 ring of strength (left claw)
Scrolls
 c - a scroll of teleportation {unknown}
Potions
 d - a potion of magic {unknown}


   Skills:
 + Level 3.8 Fighting
 - Level 2.6 Dodging
 - Level 2.1 Stealth
 + Level 4.1 Unarmed Combat


You had 2 spell levels left.
You didn't know any spells.
Your spell library was empty.

Dungeon Overview and Level Annotations

Branches:
Dungeon (1/15)

Altars:


Innate Abilities, Weirdness & Mutations

You thrive by killing the living.
You are immune to poison.
You have sharp fingernails.
Your flesh is cold resistant. (rC+)
You are immune to negative energy. (rN+++)
You do not regenerate when monsters are visible.
You are immune to unholy pain and torment.


Message History

The jackal bites you.
The jackal bites you but does no damage.
The giant cockroach barely misses you.
You closely miss the giant cockroach.
The jackal bites you but does no damage.
The jackal completely misses you. The giant cockroach closely misses you.
The jackal bites you but does no damage. x2
You scratch the giant cockroach.
The giant cockroach is heavily wounded.
The jackal barely misses you. The jackal bites you.
The giant cockroach closely misses you.
You scratch the giant cockroach.
You kill the giant cockroach!
You feel better. The jackal bites you. The jackal barely misses you.
The jackal bites you.
You closely miss the frilled lizard. The jackal bites you.
The frilled lizard closely misses you. The jackal bites you.
* * * LOW HITPOINT WARNING * * *
The jackal closely misses you.
You closely miss the frilled lizard. The jackal misses you.
The frilled lizard bites you.
* * * LOW HITPOINT WARNING * * *
The jackal closely misses you.
You claw the frilled lizard!
You kill the frilled lizard!
The jackal completely misses you. The jackal barely misses you.
The jackal bites you.
* * * LOW HITPOINT WARNING * * *
The jackal bites you.
* * * LOW HITPOINT WARNING * * *
You scratch the jackal.
The jackal is heavily wounded.
The jackal closely misses you. x2
You scratch the jackal but do no damage.
The jackal is heavily wounded.
The jackal barely misses you. The jackal misses you.
You scratch the jackal but do no damage.
The jackal is heavily wounded.
The jackal bites you.
You die...

#..........# #######
######....## .......
########...... .......
..............
..........#######.......
........................
.......########..###.#..
.∩..8.h♣..∩##...........
......†@..............#.
......h†.......#........
.♣..∩..∩..♣#####...>....
...........# #........
...........# #######..
.♣..♣..♣..∩# #..
...........# #..
...........# #.. ###


You could see 2 jackals.

Vanquished Creatures
  A dart slug (D:1)
  An endoplasm (D:1)
  A giant cockroach (D:1)
  A hobgoblin (D:1)
  2 jackals (D:1)
  2 kobolds (D:1)
  3 quokkas (D:1)
  2 ball pythons (D:1)
  A bat (D:1)
  A frilled lizard (D:1)
  5 goblins (D:1)
  2 rats (D:1)
22 creatures vanquished.

Notes
Turn   | Place    | Note
-------+----------+-------------------------------------------
     0 | D:1      | ZARRMARR the Ghoul Monk began the quest for the Orb.
     0 | D:1      | Reached XP level 1. HP: 19/19 MP: 0/0
   162 | D:1      | Reached XP level 2. HP: 24/26 MP: 1/1
   526 | D:1      | Reached skill level 4 in Unarmed Combat
   531 | D:1      | Reached XP level 3. HP: 23/33 MP: 2/2
   543 | D:1      | Slain by a jackal

Illustrated notes

Levels and vault maps discovered:
D:1:      dpeg_arrival_arbitrary_c, layout_rooms,
          hellmonk_ecumenical_altar_arch_garden

Skill      XL: |  1  2 |
---------------+-------+-----
Unarmed Combat | 4 |  4.1
Fighting       | |  3.8
Dodging        | |  2.6
Stealth        | |  2.1

Action                   || total
-------------------------++-------
Melee: Unarmed           ||    59
Armor: Robe              ||    15
Dodge: Dodged            ||    54
